 Dungeon Crawl Stone Soup version 0.29.1-1-gd02db6906a (webtiles) character file.

Game seed: 6133918200137711737

116703 quakins the Executioner (level 16, -1/148 (151) HPs)
             Began as a Minotaur Berserker on Oct 7, 2022.
             Was a High Priest of Trog.
             Constricted to death by a shambling mangrove (23 damage)
             ... on level 3 of the Swamp.
             The game lasted 01:20:15 (34453 turns).

quakins the Executioner (Minotaur Berserker)       Turns: 34453, Time: 01:20:15

HP:   -1/148 (151)  AC: 35    Str: 29    XL:     16   Next: 21%
MP:   15/15         EV:  9    Int:  4    God:    Trog [*****.]
Gold: 832           SH:  0    Dex: 13    Spells: 15/15 levels left

rFire   . . .      SeeInvis .   E - +0 executioner's axe
rCold   + + .      Faith    .   (shield currently unavailable)
rNeg    + . .      Spirit   .   v - +8 plate armour "Azisep" {Fly Str+2 Stlth+}
rPois   .          Reflect  .   G - +1 hat
rElec   +          Harm     .   M - +1 cloak
rCorr   .          Rampage  .   y - +2 pair of gloves
Will    +++..                   C - +1 pair of boots {Stlth+}
Stlth   ..........              A - amulet "Pugal" {Acrobat +Inv rElec rC+}
HPRegen 1.34/turn               H - ring of positive energy
MPRegen 0.14/turn               Q - ring of protection from cold

@: grasped by roots, strong-willed, on berserk cooldown, flying, regenerating,
slowed, constricted, lightly drained, very slow
A: horns 2, retaliatory headbutt
a: Renounce Religion, Evoke Invisibility, Berserk, Trog's Hand, Brothers in Arms


You were on level 3 of the Swamp.
You worshipped Trog.
Trog was extremely pleased with you.
You visited 5 branches of the dungeon, and saw 26 of its levels.
You also visited: Sewer and Ice Cave.

You collected 2543 gold pieces.
You spent 1711 gold pieces at shops.

Inventory:

Hand Weapons
 E - a +0 executioner's axe (weapon)
Missiles
 t - a throwing net (quivered)
Armour
 r - a +2 plate armour of cold resistance
 v - the +8 plate armour "Azisep" (worn) {Fly Str+2 Stlth+}
   (You bought it in a shop on level 2 of the Orcish Mines)

   Str:       It affects your strength (+2).
   Fly:       It grants you flight.
   Stlth:     It makes you more stealthy.
 y - a +2 pair of gloves (worn)
 B - a +1 plate armour of willpower
 C - a +1 pair of boots of stealth (worn)
 G - a +1 hat (worn)
 M - a +1 cloak (worn)
Jewellery
 f - the ring of Dynudghev {Fly rPois Int+8 Dex-2}
   (You found it on level 12 of the Dungeon)

   [ring of flight]

   Int:       It affects your intelligence (+8).
   Dex:       It affects your dexterity (-2).
   rPois:     It protects you from poison.
   Fly:       It grants you flight.
 l - a ring of ice
 q - a +6 ring of dexterity
 A - the amulet "Pugal" (around neck) {Acrobat +Inv rElec rC+}
   (You found it in a sewer)

   [amulet of the acrobat]

   It increases your evasion while moving and waiting.
   rC:        It protects you from cold.
   rElec:     It insulates you from electricity.
   +Inv:      It lets you turn invisible.
 H - a ring of positive energy (left hand)
 Q - a ring of protection from cold (right hand)
 T - a ring of positive energy
Wands
 h - a wand of light (28)
 w - a wand of flame (67)
 F - a wand of polymorph (21)
 I - a wand of paralysis (20)
 L - a wand of roots (23)
Scrolls
 b - a scroll of silence
 c - 11 scrolls of enchant armour
 d - 2 scrolls of enchant weapon
 e - 16 scrolls of teleportation
 g - 4 scrolls of fog
 i - 4 scrolls of immolation
 j - 5 scrolls of identify
 m - 2 scrolls of poison
 o - a scroll of acquirement
 x - 4 scrolls of fear
 D - 2 scrolls of noise
Potions
 a - 7 potions of heal wounds
 n - 12 potions of curing
 p - 4 potions of ambrosia
 s - 4 potions of resistance
 u - 5 potions of flight
 z - 6 potions of cancellation
 K - a potion of haste {unknown}
 N - 4 potions of berserk rage
 W - a potion of might {unknown}
Miscellaneous
 k - a piece from Xom's chessboard (15/15)
 U - a phial of floods


   Skills:
 - Level 16.0 Fighting
 + Level 22.0 Axes
 - Level 16.0 Armour
 - Level 10.0 Dodging
 - Level 10.0 Evocations


You had 15 spell levels left.
You didn't know any spells.
Your spell library was empty.

Dungeon Overview and Level Annotations

Branches:
Dungeon (15/15)            Temple (1/1) D:7            Lair (5/5) D:11
  Swamp (3/4) Lair:2       Spider (0/4) Lair:3        Slime (0/5) Lair:5
    Orc (2/2) D:11            Elf (0/3) Orc:2        Vaults (0/5) D:14
 Depths (0/4) D:15          Sewer (visited)           IceCv (visited)

Altars:
Ashenzari
Cheibriados
Dithmenos
Elyvilon
Fedhas
Gozag
Hepliaklqana
Kikubaaqudgha
Makhleb
Nemelex Xobeh
Okawaru
Qazlal
Ru
Sif Muna
Trog
Uskayaw
Vehumet
Wu Jian
Xom
Yredelemnul
Zin
The Shining One
Jiyva

Shops:
D:3 [   D:4 (   D:11 (   Orc:2 [(!*

Annotations:
D:7 2 transporters, 1garret322's ghost, novice SpEE
D:8 exclusion: statue
D:10 3 runed translucent doors, Smersh616's ghost, journeyman TrFi
Lair:5 exclusion: 2 oklob plants
Swamp:1 2 transporters, fingers's ghost, journeyman DsBe


Innate Abilities, Weirdness & Mutations

You have a pair of horns on your head.
You reflexively headbutt those who attack you in melee.


Message History

The spectral fenstrider witch misses you.
You furiously retaliate!
You headbutt the spectral fenstrider witch, but do no damage.
The spectral fenstrider witch closely misses you.
The spectral fenstrider witch fades away!
The spectral fenstrider witch fades away!
The shambling mangrove is engulfed in spectral mist.
Roots burst forth from the earth!
The grasping roots grab you! The grasping roots constrict you.
You escape the roots grasp.
The shambling mangrove is engulfed in spectral mist.
Roots burst forth from the earth!
The grasping roots grab you! The grasping roots constrict you. x2
The roots grasp on you weakens, but your attempt to escape fails.
The grasping roots constrict you!
Your skin crawls.
You feel strong-willed.
The ghost crab breathes spectral mist at you.
The spectral mist engulfs the shambling mangrove but does no damage.
The shambling mangrove is engulfed in spectral mist.
The grasping roots constrict you!
You slice the shambling mangrove!!
The shambling mangrove is severely damaged.
You are engulfed in spectral mist.
The ghost crab breathes spectral mist at you.
The spectral mist engulfs the spectral death drake but does no damage.
The shambling mangrove hits you but does no damage.
The grasping roots constrict you!
* * * LOW HITPOINT WARNING * * *
You slash the shambling mangrove!
The shambling mangrove is severely damaged.
You slice the spectral death drake!!
You are engulfed in spectral mist.
The spectral death drake fades away!
The shambling mangrove is engulfed in spectral mist.
The shambling mangrove hits you!
* * * LOW HITPOINT WARNING * * *
The grasping roots constrict you!!
You die...

~§.~~§☼○☼.~☼♣
~~.~~°♣°t.☼t♣♣ .♣♣♣♣
♣♣○§♣♣~♣♣ ♣~..♣~~♣♣♣
.~♣♣♣♣♣♣i~♣♣♣ ~~♣ ♣○°.~♣
..<~ ♣♣t°..♣ ... ♣f☼○~~♣
♣~. ♣@○~☼.♣♣ ♣.~.~~~♣♣
♣♣♣ ♣.~~~~..♣ ♣~♣♣♣♣♣♣♣♣
♣♣^~~~~.♣♣
♣.~~~♣♣~~♣♣♣....~~.♣
♣♣♣~.~.♣.~~.~.......~♣
♣♣.~~~.♣~~~~.~~.~~..♣♣.~
.§~~~~~.~~~§~~§~~~~.♣ .~
.~~~~~~~~~~~~~~~~~~§♣


You could see a shambling mangrove, a spriggan rider and a ghost crab.

Vanquished Creatures
  Jorgrun (D:15)
  Gastronok (Lair:2)
  2 fenstrider witches
  An orc warlord (Orc:2)
  A balrug (D:11)
  4 eleionomae
  3 bunyips
  A shambling mangrove (Swamp:2)
  7 boulder beetles
  An ogre mage (D:15)
  A centaur warrior (D:14)
  12 hydras
  A ghost crab (Swamp:2)
  A death knight (D:15)
  12 death yaks
  8 two-headed ogres
  3 catoblepae (Lair:5)
  3 alligators (Swamp:3)
  An orc high priest (Orc:1)
  Nergalle (Lair:3)
  Amaemon (Lair:2)
  A spriggan (Swamp:3)
  3 goliath frogs
  A skeletal warrior (D:15)
  A bog body (Swamp:2)
  4 swamp dragons
  A spriggan druid (Swamp:2)
  4 wizards
  3 orc knights
  A lindwurm (Lair:3)
  2 necromancers
  Pikel (D:4)
  3 deep elf pyromancers
  2 orc sorcerers
  2 ugly things
  7 cyclopes
  3 will-o-the-wisps
  Maurice (Orc:2)
  5 manticores
  5 centaur zombies
  An ice statue (IceCv)
  4 black mambas
  4 cane toads
  2 centaur skeletons (D:15)
  3 gargoyles
  A torpor snail (Lair:2)
  An orange demon (Lair:2)
  A rime drake (Lair:2)
  2 unseen horrors (D:12)
  5 yaktaurs (D:15)
  6 komodo dragons
  7 freezing wraiths
  Psyche (D:8)
  An efreet (D:13)
  13 ice devils (IceCv)
  8 trolls
  6 polar bears
  A bloated husk (Swamp:1)
  3 hornets
  3 tyrant leeches
  21 blink frogs
  14 slime creatures
  A meliai zombie (D:11)
  A centaur simulacrum (D:15)
  4 jumping spiders (Lair:3)
  Sigmund (D:4)
  A culicivora (Lair:3)
  A water elemental (D:15)
  4 dire elephant simulacra (IceCv)
  33 yaks
  2 shadows
  2 wyverns
  Grum (D:9)
  7 wraiths
  3 redbacks (Lair:3)
  Eustachio (D:6)
  2 steam dragons
  5 death yak simulacra (IceCv)
  5 basilisks
  17 vampire mosquitoes
  A basilisk (shapeshifter) (D:15)
  11 swamp worms
  A harpy simulacrum (IceCv)
  3 wargs
  14 water moccasins
  A hydra simulacrum (IceCv)
  Duvessa (D:7)
  9 black bears
  3 sky beasts
  28 orc warriors
  An ice beast (D:6)
  7 ogres
  13 wolves
  12 centaurs
  3 lemures (D:4)
  2 phantoms (D:6)
  3 kobold brigands
  11 bullfrogs
  4 scorpions
  4 cane toad simulacra (IceCv)
  4 wights (D:9)
  Dowan (D:7)
  10 killer bees
  An elephant simulacrum (IceCv)
  4 electric eels (D:11)
  5 hounds
  2 jellies
  19 orc priests
  2 iguanas
  Terence (D:2)
  27 orc wizards
  3 polar bear simulacra (IceCv)
  3 troll simulacra (IceCv)
  7 wolf simulacra (IceCv)
  2 naga simulacra (IceCv)
  12 adders
  A river rat (D:5)
  2 shadow imps
  12 white imps (Lair:2)
  4 ufetubi
  2 worms
  81 orcs
  8 ball pythons
  4 endoplasms
  3 giant cockroaches
  14 goblins
  10 hobgoblins
  3 jackals
  18 kobolds
  2 quokkas
  14 bats
  3 frilled lizards
  5 rats
  A bush (D:15)
737 creatures vanquished.

Vanquished Creatures (collateral kills)
  A hydra (Lair:2)
  An orc knight (D:15)
  An efreet (D:15)
3 creatures vanquished.

Vanquished Creatures (others)
  A hydra (Swamp:1)
  A bloated husk (Swamp:2)
  A vampire mosquito (Swamp:1)
  A swamp worm (Swamp:1)
  4 bushes (D:15)
  14 foxfires
  13 fungi
  19 plants
  A withered plant (D:11)
55 creatures vanquished.

Grand Total: 795 creatures vanquished

Notes
Turn   | Place    | Note
-------+----------+-------------------------------------------
     0 | D:1      | quakins the Minotaur Berserker began the quest for the Orb.
     0 | D:1      | Reached XP level 1. HP: 19/19 MP: 0/0
   269 | D:1      | Reached XP level 2. HP: 21/28 MP: 1/1
   999 | D:1      | Found a faded altar of an unknown god.
  1043 | D:1      | Reached skill level 5 in Fighting
  1411 | D:1      | Reached XP level 3. HP: 33/36 MP: 2/2
  1523 | D:2      | Reached skill level 4 in Axes
  1727 | D:2      | Reached ** piety under Trog
  1864 | D:2      | Noticed Terence
  1869 | D:2      | Killed Terence
  1870 | D:2      | Reached skill level 5 in Axes
  1870 | D:2      | Reached XP level 4. HP: 42/42 MP: 3/3
  2612 | D:3      | Found Gis Dahov's Antique Armour Boutique.
  3045 | D:4      | Found Ajotiom's Weapon Shoppe.
  3053 | D:4      | Bought a +0 war axe for 45 gold pieces
  3129 | D:4      | Reached skill level 6 in Axes
  3129 | D:4      | Reached XP level 5. HP: 23/48 MP: 4/4
  3303 | D:4      | Reached skill level 7 in Axes
  3538 | D:4      | Reached XP level 6. HP: 46/56 MP: 5/5
  3624 | D:4      | Reached skill level 8 in Axes
  3774 | D:4      | Noticed Sigmund
  3783 | D:4      | Killed Sigmund
  3784 | D:4      | Reached skill level 9 in Axes
  3784 | D:4      | Reached XP level 7. HP: 61/61 MP: 6/6
  3829 | D:4      | Noticed Pikel
  3974 | D:4      | Found a white marble altar of Elyvilon.
  4226 | D:4      | Killed Pikel
  4227 | D:4      | Reached skill level 11 in Axes
  4227 | D:4      | Reached XP level 8. HP: 53/68 MP: 7/7
  4468 | D:5      | Entered Level 5 of the Dungeon
  4711 | D:5      | Found a glowing drain.
  4715 | Sewer    | Entered a sewer
  4774 | Sewer    | Reached skill level 12 in Axes
  4788 | Sewer    | Identified the amulet "Pugal" {Acrobat +Inv rElec rC+}
  5201 | D:6      | Noticed Eustachio
  5207 | D:6      | Reached skill level 13 in Axes
  5710 | D:7      | Found a transporter.
  5714 | D:7      | Found a transporter.
  5719 | D:7      | Noticed a moth of wrath
  5720 | D:7      | Noticed 1garret322's ghost (novice SpEE)
  5789 | D:7      | Noticed Dowan
  5803 | D:7      | Killed Dowan
  5817 | D:7      | Found a staircase to the Ecumenical Temple.
  5826 | Temple   | Entered the Ecumenical Temple
  6059 | D:7      | Reached XP level 9. HP: 70/74 MP: 8/8
  6090 | D:7      | Reached *** piety under Trog
  6215 | D:7      | Noticed Duvessa
  6225 | D:7      | Killed Duvessa
  6226 | D:7      | Reached skill level 14 in Axes
  6554 | D:7      | Found a hazy altar of Hepliaklqana.
  6806 | D:6      | Killed Eustachio
  6948 | D:6      | Found a burning altar of Makhleb.
  7163 | D:6      | Found an ancient bone altar of Kikubaaqudgha.
  7194 | D:6      | Found a shimmering blue altar of Sif Muna.
  7342 | D:8      | Identified the +0 spear "Leor" {venom, Str-3 Int+9 Dex-5}
  7489 | D:8      | Noticed a boulder beetle
  7500 | D:8      | Killed a boulder beetle
  7521 | D:8      | Reached skill level 10 in Fighting
  7585 | D:8      | Noticed Psyche
  8108 | D:9      | Reached XP level 10. HP: 84/95 MP: 9/9
  8139 | D:9      | Noticed a gargoyle
  8243 | D:8      | Found a radiant altar of Vehumet.
  8956 | D:8      | Killed Psyche
  9039 | D:9      | Reached skill level 1 in Evocations
  9184 | D:9      | Killed a gargoyle
  9234 | D:9      | Noticed Grum
  9238 | D:9      | Killed Grum
  9239 | D:9      | Reached skill level 5 in Evocations
  9479 | D:9      | Found a hide-covered altar of Uskayaw.
  9479 | D:9      | Found a stormy altar of Qazlal.
  9654 | D:10     | Entered Level 10 of the Dungeon
  9709 | D:10     | Found an opulent altar of Gozag.
  9758 | D:10     | Identified the +1 ring mail of the Bruised Stars {*Slow
                  | rElec Will+}
 10314 | D:10     | Reached **** piety under Trog
 10643 | D:10     | Found a runed translucent gate.
 10643 | D:10     | Found a runed translucent gate.
 10644 | D:10     | Found a runed translucent gate.
 10644 | D:10     | Noticed a glowing orange brain
 10645 | D:10     | Noticed Smersh616's ghost (journeyman TrFi)
 10649 | D:10     | Found a viscous altar of Jiyva.
 10707 | D:11     | Noticed a two-headed ogre
 10714 | D:11     | Killed a two-headed ogre
 10715 | D:11     | Reached XP level 11. HP: 104/104 MP: 10/10
 10760 | D:11     | Reached skill level 15 in Axes
 11057 | D:11     | Found a staircase to the Lair.
 11144 | D:11     | Found a staircase to the Orcish Mines.
 11169 | D:11     | Reached skill level 16 in Axes
 11781 | D:11     | Reached skill level 17 in Axes
 11888 | D:11     | Found a runed translucent door.
 11891 | D:11     | Noticed a balrug
 12017 | D:11     | Found Qeuqaxtount's Antique Weapon Emporium.
 12296 | Lair:1   | Entered Level 1 of the Lair of Beasts
 12398 | Lair:1   | Noticed a five-headed hydra
 12419 | Lair:1   | Killed a ten-headed hydra
 12424 | Lair:1   | Reached skill level 18 in Axes
 12828 | Lair:1   | Reached skill level 5 in Armour
 13097 | Lair:1   | Reached XP level 12. HP: 71/112 MP: 11/11
 13691 | Lair:2   | Noticed Gastronok
 13705 | Lair:2   | Killed Gastronok
 13742 | Lair:2   | Found a frozen archway.
 13767 | Lair:2   | Reached ***** piety under Trog
 13772 | IceCv    | Entered an ice cave
 14180 | IceCv    | Reached skill level 10 in Armour
 14449 | IceCv    | Identified the +8 glaive of the Tiger {freeze, rF+ Will+}
 14955 | IceCv    | Found an ancient bone altar of Kikubaaqudgha.
 15054 | IceCv    | Received a gift from Trog
 15579 | Lair:2   | Reached skill level 15 in Fighting
 15712 | Lair:2   | Noticed a five-headed hydra
 15718 | Lair:2   | Killed a nine-headed hydra
 15719 | Lair:2   | Reached XP level 13. HP: 127/127 MP: 12/12
 15888 | Lair:2   | Found a staircase to the Swamp.
 16194 | Lair:2   | Noticed Amaemon
 16203 | Lair:2   | Killed Amaemon
 16702 | Lair:3   | Noticed Nergalle
 16710 | Lair:3   | Killed Nergalle
 17440 | Lair:3   | Reached skill level 19 in Axes
 17456 | Lair:3   | Found a hole to the Spider Nest.
 17717 | Lair:3   | Reached skill level 20 in Axes
 19712 | Lair:5   | Entered Level 5 of the Lair of Beasts
 20619 | Lair:5   | Reached XP level 14. HP: 70/137 MP: 13/13
 21293 | Lair:5   | Reached skill level 10 in Evocations
 21892 | Lair:5   | Found a staircase to the Slime Pits.
 22319 | D:3      | Bought a glowing plate armour for 728 gold pieces
 22319 | D:3      | Bought a pair of embroidered boots for 210 gold pieces
 23575 | D:12     | Identified the ring of Dynudghev {Fly rPois Int+8 Dex-2}
 25243 | D:14     | Found a broken altar of Ashenzari.
 25712 | D:14     | Found a gate to the Vaults.
 26040 | D:15     | Entered Level 15 of the Dungeon
 26055 | D:15     | Reached skill level 15 in Armour
 26068 | D:15     | Reached XP level 15. HP: 144/144 MP: 14/14
 26238 | D:15     | Found a staircase to the Depths.
 26316 | D:15     | Reached skill level 5 in Dodging
 27140 | D:15     | Noticed Jorgrun
 27160 | D:15     | Killed Jorgrun
 27674 | D:15     | Identified a scroll of acquirement
 27788 | Orc:1    | Entered Level 1 of the Orcish Mines
 27793 | Orc:1    | Received a gift from Trog
 28294 | Orc:2    | Entered Level 2 of the Orcish Mines
 28298 | Orc:2    | Found a burning altar of Makhleb.
 28564 | Orc:2    | Noticed Maurice
 28576 | Orc:2    | Killed Maurice
 28626 | Orc:2    | Noticed an orc warlord
 28823 | Orc:2    | Found Demivvuq's Distillery.
 28938 | Orc:2    | Found a staircase to the Elven Halls.
 28953 | Orc:2    | Killed an orc warlord
 29175 | Orc:2    | Found Xeejih's General Store.
 29646 | Orc:2    | Found Watidaud's Antique Armour Shop.
 29649 | Orc:2    | Found Banirad's Antique Weapon Boutique.
 29665 | Orc:2    | Bought a spiked plate armour for 728 gold pieces
 29665 | Orc:2    | Identified the +8 plate armour "Azisep" {Fly Str+2 Stlth+}
                  | (You bought it in a shop on level 2 of the Orcish Mines)
 30441 | Swamp:1  | Entered Level 1 of the Swamp
 30452 | Swamp:1  | Reached skill level 10 in Dodging
 30454 | Swamp:1  | Received a gift from Trog
 30570 | Swamp:1  | Noticed a fenstrider witch
 31007 | Swamp:1  | Paralysed by a fenstrider witch for 3 turns
 31022 | Swamp:1  | Killed a fenstrider witch
 31186 | Swamp:1  | Found a transporter.
 31191 | Swamp:1  | Noticed fingers's ghost (journeyman DsBe)
 31199 | Swamp:1  | Found a transporter.
 31399 | Swamp:1  | Found a bloodstained altar of Trog.
 31721 | Swamp:2  | Found an iron altar of Okawaru.
 31740 | Swamp:2  | Noticed a fenstrider witch
 31752 | Swamp:2  | Killed a fenstrider witch
 32359 | Swamp:2  | Reached skill level 21 in Axes
 32551 | Swamp:2  | Reached XP level 16. HP: 99/151 MP: 15/15
 34440 | Swamp:3  | Reached skill level 22 in Axes
 34453 | Swamp:3  | Constricted to death by a shambling mangrove

Illustrated notes

Levels and vault maps discovered:
D:1:      moated_graveyard_arrival, layout_basic,
          hellmonk_ecumenical_altar_zigzags, minmay_small_reverse_x
D:2:      layout_loops_cross, minmay_misc_feat_nine_boxes, uniq_terence
D:3:      layout_loops_ring, serial_shops, shop
D:4:      layout_loops_ring, elyvilon_altar_3, serial_shops,
          nicolae_shop_bloodbath_and_beyond, serial_aquarium,
          aquarium_bridge_long_joined [aquarium_subvault_window,
          aquarium_subvault_balcony, aquarium_subvault_bridge,
          aquarium_subvault_window, aquarium_subvault_wall,
          aquarium_subvault_bridge], aquarium_window_corner, aquarium_window_1,
          aquarium_view_2a, kennysheep_boxes, uniq_sigmund, uniq_pikel
D:5:      layout_rooms, gup_sewer_entry_spiral, serial_glass, glass_columns_a,
          glass_columns_b
D:6:      layout_rooms, mainiacjoe_overflow_brackets,
          mainiacjoe_overflow_two_lobes, uniq_eustachio
D:7:      dreamdust_elfheim, layout_cave_pools,
          nicolae_hepliaklqana_hippocampus, minmay_temple_entry_grid,
          gammafunk_ghost_berserking_beasts, chequers_serial_rivers_large_b
D:8:      layout_gridville, vehumet_statue, minivault_24, uniq_psyche
D:9:      minmay_spotlight, layout_rooms, gammafunk_temple_overflow_wave,
          chequers_serial_rivers_micro_c, uniq_grum
D:10:     layout_irregular_city, mainiacjoe_overflow_six_doors_small,
          gammafunk_ghost_ooze
D:11:     dreamdust_dug_too_deep, layout_irregular_city, erik_lair_island,
          orc_0_dummy, serial_undead, serial_undead_a, serial_undead_c,
          serial_undead_b, serial_undead_c, serial_shops,
          nicolae_shop_temple_entry_statues_fountains
D:12:     layout_loops_ring, minmay_misc_feat_cross,
          hangedman_abyss_or_decor_lesser_grid, minmay_increasing_density
D:13:     layout_small_grid
D:14:     layout_cave_pods, david_vaults_1, evilmike_ruin_ashenzari
D:15:     grunt_enter_depths_magical_seal, layout_cross, serial_park,
          serial_park_gazebo [serial_park_minivault_5x5_8],
          serial_park_tiny_pond, serial_park_square1
          [serial_park_minivault_5x5_5], serial_park_tiny_pond,
          dk_noncrumbling_3, gauntlet_entry_generic, hive_lemuel, uniq_jorgrun
Temple:   hellmonk_temple_forest_ring
Lair:1:   layout_loops_ring
Lair:2:   layout_regular_city, minmay_swamp_entry_swarm,
          portal_ice_cave_entry_imps, uniq_gastronok, uniq_amaemon
Lair:3:   beast_lair_carwin_large_3, layout_long_grid,
          nicolae_spider_entry_tight_spaces, minmay_stone_trees_medium,
          uniq_nergalle
Lair:4:   layout_gridlike
Lair:5:   evilmike_catoblepas_cave, layout_regular_city,
          minmay_slime_entry_oklob_open, wad_woods_road_01
Swamp:1:  nicolae_swamp_ascending_descending, layout_falls_marsh,
          gammafunk_ghost_wrathful_warriors, hangedman_swamp_diagram
Swamp:2:  layout_falls_marsh, evilmike_swamp_ruin_rubble_1,
          nicolae_swamp_godswood
Swamp:3:  layout_basic_swamp, evilmike_swamp_ruin_house_5, swamp_pool4
Orc:1:    layout_diamond_mine, basic_altar
Orc:2:    grunt_orc_community_town_hall, layout_diamond_mine,
          grunt_orc_community_big_house_1, grunt_orc_community_big_house_2,
          grunt_orc_community_house_2, grunt_orc_community_house_2,
          grunt_orc_community_house_1, grunt_orc_community_house_2,
          grunt_orc_community_house_3, basic_altar, roderic_batcave,
          uniq_maurice

Skill      XL: |  1  2  3  4  5  6  7  8  9 10 11 12 13 14 15 16 |
---------------+-------------------------------------------------+-----
Fighting       | 4 5 11 12 15 16 | 16.0
Axes           | 5 6 7 9 11 13 14 18 20 21 22 | 22.0
Evocations     | 6 8 10 | 10.0
Armour         | 6 10 15 16 | 16.0
Dodging        | 10 | 10.0

Action                   |  1- 3 |  4- 6 |  7- 9 | 10-12 | 13-15 | 16-18 || total
-------------------------+-------+-------+-------+-------+-------+-------++-------
Melee: Hand axe          |    69 |       |       |       |       |       ||    69
       Headbutt          |    11 |     5 |    30 |   107 |   255 |    30 ||   438
       Mace              |       |    45 |       |       |       |       ||    45
       War axe           |       |    41 |   201 |       |       |       ||   242
       Punch             |       |     1 |     5 |       |       |       ||     6
       Battleaxe         |       |       |     1 |   478 |   887 |       ||  1366
       Executioner's axe |       |       |       |       |   127 |   100 ||   227
Invok: Berserk           |     1 |     3 |     6 |     8 |    17 |     3 ||    38
       Trog's Hand       |       |     1 |     2 |     9 |    21 |     2 ||    35
       Brothers in Arms  |       |       |       |       |     1 |       ||     1
Evoke: Wand              |       |       |       |       |     1 |     1 ||     2
       Phial of floods   |       |       |       |       |     1 |       ||     1
  Use: Scroll            |       |     7 |     4 |     6 |    19 |       ||    36
       Potion            |       |       |     2 |       |       |     1 ||     3
 Stab: Distracted        |       |       |       |     1 |       |       ||     1
Armor: Animal skin       |     5 |       |       |       |       |       ||     5
       Scale mail        |       |    41 |    16 |       |       |       ||    57
       Chain mail        |       |       |    71 |    31 |       |       ||   102
       Plate armour      |       |       |       |   270 |   649 |   108 ||  1027
Dodge: Dodged            |    47 |    47 |   118 |   244 |   519 |    56 ||  1031
